 Dungeon Crawl Stone Soup version 0.29-a0-486-ga88943ba61 (webtiles) character file.

Game seed: 1784618019301494618

11684 Bruhh the Transmogrifier (level 11, -8/85 (90) HPs)
             Began as an Ogre Earth Elementalist on May 26, 2022.
             Was a Priest of Hepliaklqana.
             Killed by drain life
             ... invoked by a soul eater
             ... summoned by a kobold demonologist
              (18 damage)
             ... on level 10 of the Dungeon.
             The game lasted 00:22:58 (15320 turns).

Bruhh the Transmogrifier (Ogre Earth Elementalist) Turns: 15320, Time: 00:22:59

HP:   -8/85 (90)    AC:  6    Str: 14    XL:     11   Next: 81%
MP:   7/23          EV: 13    Int: 20    God:    Hepliaklqana [***...]
Gold: 515           SH:  0    Dex:  9    Spells: 16/26 levels left

rFire   . . .      SeeInvis .   v - +2 mace (venom)
rCold   . . .      Faith    .   (no shield)
rNeg    . . .      Spirit   .   x - +0 steam dragon scales
rPois   .          Reflect  .   (helmet restricted)
rElec   .          Harm     .   (no cloak)
rCorr   .          Rampage  .   (gloves unavailable)
Will    ++...                   (boots unavailable)
Stlth   +.........              (no amulet)
HPRegen 0.24/turn               p - +4 ring of evasion
MPRegen 0.18/turn               s - ring of willpower

@: drained
A: reduced essence, large, unfitting armour, tough skin 1
a: Renounce Religion, Recall Ancestor, Ancestor Identity, Transference


You were on level 10 of the Dungeon.
You worshipped Hepliaklqana.
Hepliaklqana was most pleased with you.
You visited 2 branches of the dungeon, and saw 11 of its levels.
You also visited: Ossuary and Bailey.

You collected 515 gold pieces.

Inventory:

Hand Weapons
 l - a +0 short sword
 v - a +2 mace of venom (weapon)
Missiles
 a - 108 stones
Armour
 b - a +0 robe
 x - +0 steam dragon scales (worn)
Jewellery
 f - a ring of protection from cold
 p - a +4 ring of evasion (left hand)
 s - a ring of willpower (right hand)
Wands
 m - a wand of iceblast (18)
 t - a wand of polymorph (17)
 F - a wand of mindburst (14)
Scrolls
 g - a scroll of magic mapping
 h - a scroll of enchant weapon
 k - 6 scrolls of fog
 n - 2 scrolls of blinking
 q - 3 scrolls of vulnerability
 u - 5 scrolls of teleportation
 w - a scroll of amnesia
 y - 2 scrolls of summoning {unknown}
 D - 2 scrolls of fear
 E - a scroll of torment
 J - 2 scrolls of identify
Potions
 c - 4 potions of might
 e - a potion of heal wounds
 i - 4 potions of brilliance
 j - 3 potions of flight
 o - 3 potions of haste
 r - a potion of degeneration {unknown}
 z - a potion of invisibility {unknown}
 A - a potion of berserk rage {unknown}
 B - 2 potions of attraction {unknown}
 C - a potion of lignification {unknown}
 G - a potion of experience {unknown}
 H - a potion of mutation {unknown}
 I - a potion of resistance {unknown}
 K - a potion of magic


   Skills:
 + Level 4.3 Fighting
 - Level 1.7 Dodging
 - Level 1.4 Stealth
 - Level 8.0 Spellcasting
 - Level 5.0 Conjurations
 - Level 11.1 Transmutations
 - Level 10.0 Earth Magic


You had 16 spell levels left.
You knew the following spells:

 Your Spells              Type           Power      Damage    Failure   Level
a - Sandblast             Erth           96%        2d20      1%          1
b - Stone Arrow           Conj/Erth      76%        3d11      1%          3
c - Statue Form           Tmut/Erth      33%        N/A       17%         6

Your spell library contained the following spells:

 Spells                   Type           Power      Damage    Failure   Level
 Passwall                 Tmut/Erth      41%        N/A       1%          2
 Wereblood                Tmut           51%        N/A       1%          2
 Petrify                  Tmut/Erth      50%        N/A       1%          4
 Apportation              Tloc           16%        N/A       9%          1
 Sublimation of Blood     Necr           8%         N/A       13%         2
 Alistair's Intoxication  Tmut/Pois      20%        N/A       24%         5
 Inner Flame              Hex/Fire       8%         N/A       26%         3
 Cause Fear               Hex            4%         N/A       63%         4
 Summon Ice Beast         Ice/Summ       8%         N/A       63%         4
 Metabolic Englaciation   Hex/Ice        4%         N/A       93%         5
 Summon Mana Viper        Hex/Summ       8%         N/A       93%         5
 Monstrous Menagerie      Summ           4%         N/A       100%        7
 Summon Hydra             Summ           4%         N/A       100%        7
 Discord                  Hex            4%         N/A       100%        8


Dungeon Overview and Level Annotations

Branches:
Dungeon (10/15)            Temple (1/1) D:4             Orc (0/2) D:9
Ossuary (visited)          Bailey (visited)
   Lair: D:8-11

Altars:
Ashenzari
Cheibriados
Dithmenos
Elyvilon
Fedhas
Gozag
Hepliaklqana
Kikubaaqudgha
Makhleb
Nemelex Xobeh
Okawaru
Ru
Sif Muna
Trog
Uskayaw
Vehumet
Wu Jian
Xom
Yredelemnul
Zin
The Shining One

Shops:
D:3 [   D:5 *

Annotations:
D:3 1 runed translucent door, Crazy Yiuf


Innate Abilities, Weirdness & Mutations

Your life essence is reduced to manifest your ancestor. (-10% HP)
You are too large for most types of armour.
You have tough skin. (AC +1)


Message History

Okay, then.
You closely miss the kobold demonologist.
The kobold demonologist casts a spell.
The kobold demonologist hits you with a +2 dagger of draining.
You feel drained. The iron imp closely misses you.
Bianca hits the iron imp with a +0 flail!
The iron imp dies!
The iron imp disappears in a puff of smoke!
The kobold demonologist hits you with a +2 dagger of draining.
You feel drained.
The kobold demonologist gestures wildly while chanting.
You hit the kobold demonologist.
The kobold demonologist is lightly wounded.
Bianca misses the sixfirhy.
The kobold demonologist barely misses you.
The sixfirhy barely misses you.
You sock the kobold demonologist!
The kobold demonologist is moderately wounded.
Bianca misses the sixfirhy.
The kobold demonologist closely misses you.
Bianca barely misses the sixfirhy.
The kobold demonologist barely misses you.
Unknown command.
The kobold demonologist attacks as you move away!
The kobold demonologist hits you with a +2 dagger of draining.
You feel drained. The sixfirhy attacks as you move away! The sixfirhy hits you.
The sixfirhy shocks you!
Bianca closely misses the sixfirhy.
The soul eater draws from the surrounding life force!
Bianca blocks the shadow imp's attack.
The kobold demonologist mumbles some strange words.
The sixfirhy barely misses you.
The soul eater draws from the surrounding life force!
The sixfirhy completely misses you. The sixfirhy hits you!
* * * LOW HITPOINT WARNING * * *
The sixfirhy shocks you!
* * * LOW HITPOINT WARNING * * *
The sixfirhy closely misses you. x2
The soul eater draws from the surrounding life force!
You die...

#. ##3 ##. #..
.3 .. #..##. .#
##....K#5#
....[..4R##
###.##K..######
#......#.......
#..#.##.3.#####
.. ##@## #.#
#.# . #.# #<#
#.# #.# ###


You could see a soul eater (summoned), a rust devil (summoned), 2 kobold
demonologists and a sixfirhy (summoned).

Vanquished Creatures
  A hydra (D:6)
  A two-headed ogre (D:6)
  A death yak (D:9)
  A kobold demonologist (D:10)
  A troll (D:9)
  Prince Ribbit (Bailey)
  Eustachio (D:5)
  4 humans (Bailey)
  2 steam dragons (D:7)
  3 water moccasins
  Duvessa (D:7)
  3 sky beasts (D:7)
  A hornet zombie (Ossuary)
  2 orc warriors (D:9)
  8 ogres
  2 black bears
  A wolf (D:8)
  3 centaurs
  2 phantoms (D:5)
  5 kobold brigands
  7 gnoll sergeants
  8 bullfrogs
  A water moccasin zombie (Ossuary)
  6 scorpions
  6 killer bees
  4 howler monkeys (D:9)
  2 bullfrog zombies (Ossuary)
  A centaur zombie (Ossuary)
  2 jellies (D:6)
  2 orc priests
  8 orc wizards
  A gnoll shaman (D:8)
  5 iguanas
  3 killer bee zombies (Ossuary)
  4 mummies (Ossuary)
  4 gnolls (D:8)
  5 adders
  An ufetubus (D:7)
  3 worms
  21 orcs
  8 ball pythons
  6 bats
  6 endoplasms
  4 giant cockroaches
  13 goblins
  3 hobgoblins
  13 jackals
  14 kobolds
  3 quokkas
  3 frilled lizards
  5 rats
216 creatures vanquished.

Vanquished Creatures (collateral kills)
  2 vault guards (Bailey)
  A troll (D:9)
  Grum (D:8)
  2 hornet zombies (Ossuary)
  2 orc warriors
  A centaur (D:9)
  A wolf (D:8)
  3 kobold brigands (D:9)
  5 bullfrogs
  2 water moccasin zombies (Ossuary)
  Dowan (D:7)
  3 killer bees (D:8)
  5 bullfrog zombies (Ossuary)
  An orc priest (D:9)
  A mummy (Ossuary)
  3 gnolls
  A shadow imp (D:8)
  4 orcs
  A hobgoblin (Bailey)
40 creatures vanquished.

Vanquished Creatures (others)
  2 knights
  An orc wizard (D:7)
  4 ancestors
  An endoplasm (D:2)
  A frilled lizard (D:2)
  10 withered plants (Ossuary)
19 creatures vanquished.

Grand Total: 275 creatures vanquished

Notes
Turn   | Place    | Note
-------+----------+-------------------------------------------
     0 | D:1      | Bruhh the Ogre Earth Elementalist began the quest for the
                  | Orb.
     0 | D:1      | Reached XP level 1. HP: 16/16 MP: 3/3
   176 | D:1      | Reached XP level 2. HP: 24/24 MP: 3/5
   261 | D:1      | You fall into a shaft and drop 1 floor!
   503 | D:1      | Found a faded altar of an unknown god.
  1456 | D:2      | Reached XP level 3. HP: 31/31 MP: 5/7
  1877 | D:2      | Noticed an ogre
  2326 | D:2      | Killed an ogre
  2327 | D:2      | Reached XP level 4. HP: 39/39 MP: 7/9
  2616 | D:3      | Found a blossoming altar of Fedhas.
  2920 | D:3      | Identified a scroll of acquirement
  2920 | D:3      | Acquired a book of Sloth
  2932 | D:3      | Found a runed translucent door.
  2932 | D:3      | Noticed Crazy Yiuf
  2962 | D:3      | Found a sacrificial altar of Ru.
  3144 | D:3      | Found a glowing drain.
  3167 | D:3      | Reached XP level 5. HP: 38/45 MP: 9/11
  3435 | D:3      | Found Zareawk's Armour Shop.
  3490 | D:3      | Found a shimmering blue altar of Sif Muna.
  4131 | D:4      | Learned a level 3 spell: Stone Arrow
  4282 | D:4      | Noticed an ogre
  4561 | D:4      | Killed an ogre
  4562 | D:4      | Reached skill level 5 in Spellcasting
  4562 | D:4      | Reached skill level 1 in Conjurations
  4562 | D:4      | Reached XP level 6. HP: 15/53 MP: 9/13
  4958 | D:4      | Found a staircase to the Ecumenical Temple.
  5076 | Temple   | Entered the Ecumenical Temple
  5212 | Temple   | Became a worshipper of Hepliaklqana the Forgotten
  5374 | D:5      | Entered Level 5 of the Dungeon
  5408 | D:5      | Reached skill level 5 in Earth Magic
  5698 | D:5      | Reached XP level 7. HP: 59/59 MP: 9/14
  5877 | D:5      | Found Suet's Mayhem Merchandise.
  6064 | D:5      | Reached skill level 5 in Conjurations
  6064 | D:5      | Reached skill level 1 in Transmutations
  6173 | D:5      | Noticed Eustachio
  6176 | D:5      | Reached skill level 2 in Transmutations
  6176 | D:5      | Reached XP level 8. HP: 67/67 MP: 2/15
  6458 | D:5      | Killed Eustachio
  6544 | D:5      | Reached skill level 3 in Transmutations
  6866 | D:6      | Reached * piety under Hepliaklqana
  7162 | D:6      | Reached skill level 4 in Transmutations
  7339 | D:6      | Found an ornate altar of the Wu Jian Council.
  7513 | D:6      | Noticed a five-headed hydra
  7519 | D:6      | Killed a five-headed hydra
  7520 | D:6      | Reached skill level 5 in Transmutations
  7520 | D:6      | Reached XP level 9. HP: 66/66 MP: 0/16
  7685 | D:6      | Noticed a two-headed ogre
  7691 | D:6      | Killed a two-headed ogre
  7692 | D:6      | Reached skill level 6 in Transmutations
  8085 | D:7      | Reached skill level 7 in Transmutations
  8247 | D:7      | Noticed Dowan
  8251 | D:7      | Noticed Duvessa
  8288 | D:7      | Reached XP level 10. HP: 32/72 MP: 3/17
  9153 | D:7      | Killed Duvessa
  9238 | D:7      | Reached ** piety under Hepliaklqana
  9362 | D:7      | Remembered your ancestor Bianca as a knight
  9445 | D:7      | Killed Dowan
  9793 | D:8      | Noticed Grum
 10016 | D:8      | Reached skill level 8 in Transmutations
 10236 | D:8      | Killed Grum
 10237 | D:8      | Found a sand-covered staircase.
 10341 | Ossuary  | Entered an ossuary
 11210 | Ossuary  | Reached skill level 10 in Earth Magic
 11552 | D:8      | Found a glowing golden altar of the Shining One.
 12069 | D:8      | Found a radiant altar of Vehumet.
 12446 | D:9      | Found a flagged portal.
 12455 | D:9      | Reached XP level 11. HP: 65/79 MP: 8/21
 12481 | D:9      | Reached skill level 9 in Transmutations
 12528 | Bailey   | Entered a bailey
 12562 | Bailey   | Learned a level 6 spell: Statue Form
 12904 | Bailey   | Noticed Prince Ribbit
 12904 | Bailey   | Noticed a vault guard
 12918 | Bailey   | Killed a vault guard
 12919 | Bailey   | Killed Prince Ribbit
 13047 | Bailey   | Noticed a vault guard
 13058 | Bailey   | Killed a vault guard
 13059 | Bailey   | Reached skill level 10 in Transmutations
 14184 | D:9      | Found a bloodstained altar of Trog.
 14288 | D:9      | Found a staircase to the Orcish Mines.
 14758 | D:9      | Reached skill level 11 in Transmutations
 14882 | D:9      | Found a snail-covered altar of Cheibriados.
 15212 | D:10     | Entered Level 10 of the Dungeon
 15216 | D:10     | Reached *** piety under Hepliaklqana
 15216 | D:10     | Noticed a death yak
 15217 | D:10     | Noticed a death yak
 15217 | D:10     | Noticed a death yak
 15217 | D:10     | Noticed a death yak
 15217 | D:10     | Noticed a death yak
 15217 | D:10     | Noticed a death yak
 15220 | D:10     | Noticed a death yak
 15221 | D:10     | Noticed a death yak
 15236 | D:9      | Killed a death yak
 15315 | D:10     | Noticed a soul eater
 15316 | D:10     | Noticed a sixfirhy
 15316 | D:10     | Noticed a soul eater
 15320 | D:10     | Killed from afar by a soul eater

Illustrated notes

Levels and vault maps discovered:
D:1:      wheals_arrival_linesprint, layout_loops_corners,
          dilly_ecumenical_altar_fadedgnrine
D:2:      layout_basic, lemuel_flame_loot_1
D:3:      layout_loops_corners, fedhas_altar_1, led_sif_pool,
          nicolae_ru_great_annihilating_truth, portal_sewer_entry_a,
          serial_shops, shop, hangedman_decor_growths, uniq_crazy_yiuf_cottage
D:4:      layout_basic, minmay_temple_entry_junction_2
D:5:      layout_cave_pools, minmay_shop_mayhem, uniq_eustachio
D:6:      layout_rooms, amcnicky_altar_gilded
D:7:      layout_basic, minmay_fountain_box, hangedman_misty_isle, uniq_duvessa
D:8:      layout_loops_ring, kennysheep_mini_moat, tso_metal_star,
          nicolae_ossuary_entry_plus, uniq_grum
D:9:      layout_loops_corners, mainiacjoe_overflow_concentric_impassable,
          lightli_temple_of_fire, kennysheep_orc_monster_closet_entryway,
          enter_bailey_8
D:10:     layout_loops_ring, nicolae_qazlal_eye_of_the_storm,
          dpeg_lair_monsters, nicolae_antique_artefacts,
          hangedman_decor_riveting, kennysheep_pointless_box, chequers_jeans,
          minmay_crystal_room, nicolae_shop_sticking_my_neck_out, uniq_urug,
          uniq_erica
Temple:   cyrus_circular_temple

Skill      XL: |  1  2  3  4  5  6  7  8  9 10 11 |
---------------+----------------------------------+-----
Earth Magic    | 3 4 5 7 8 10 | 10.0
Spellcasting   | 3 4 5 6 8 |  8.0
Conjurations   | 1 3 5 |  5.0
Transmutations | 2 5 7 8 11 | 11.1
Fighting       | 4 |  4.3
Dodging        | |  1.7
Stealth        | |  1.4

Action                   |  1- 3 |  4- 6 |  7- 9 | 10-12 || total
-------------------------+-------+-------+-------+-------++-------
Melee: Unarmed           |    35 |       |       |       ||    35
       Short sword       |    16 |       |       |       ||    16
       Mace              |       |    45 |    12 |    64 ||   121
 Cast: Sandblast         |    31 |    87 |    12 |    22 ||   152
       Stone Arrow       |       |       |    76 |   183 ||   259
       Statue Form       |       |       |       |     5 ||     5
Invok: Ancestor Life: Kn |       |       |       |     1 ||     1
       Ancestor Identity |       |       |       |     1 ||     1
  Use: Scroll            |     1 |    11 |     4 |     8 ||    24
       Potion            |       |     2 |     5 |     5 ||    12
 Stab: Sleeping          |     1 |       |       |       ||     1
Armor: Robe              |    23 |    24 |    24 |     1 ||    72
       Steam dragon scal |       |       |       |    24 ||    24
       Skin              |       |       |       |    59 ||    59
Dodge: Dodged            |    39 |    39 |    30 |   130 ||   238

Table legend: (Time is in decaauts)
 A = Elapsed time spent in this place.
 B = Non-inter-level travel time spent in this place.
 C = Inter-level travel time spent in this place.
 D = Time resting spent in this place.
 E = Time spent auto-exploring this place.
 F = Levels seen in this place.
 G = Mean time per level.
                   A        B        C        D        E       F      G
               +--------+--------+--------+--------+--------+-----+--------+
         Total |  15539 |  14997 |    542 |   1005 |  11800 |  13 | 1195.3 |
       Dungeon |  13273 |  12731 |    542 |   1005 |  10002 |  10 | 1327.3 |
        Temple |    157 |    157 |      0 |      0 |     42 |   1 |  157.0 |
       Ossuary |   1160 |   1160 |      0 |      0 |   1027 |   1 | 1160.0 |
        Bailey |    947 |    947 |      0 |      0 |    728 |   1 |  947.0 |
               +--------+--------+--------+--------+--------+-----+--------+

Top non-repeatable levels by time:
     D:7: 1906 daAuts
     D:9: 1772 daAuts
     D:8: 1596 daAuts
     D:4: 1537 daAuts
     D:5: 1488 daAuts
     D:2: 1288 daAuts
     D:3: 1282 daAuts
     D:1: 1275 daAuts
 Ossuary: 1160 daAuts
     D:6: 1089 daAuts
  Bailey: 947 daAuts
  Temple: 157 daAuts
    D:10: 35 daAuts
